 Dungeon Crawl Stone Soup version 0.25-a0-843-g6944ee31a2 (webtiles) character file.

Game seed: 15414896300098128561, levelgen mode: deterministic

27 Esekla the Ducker (level 2, -3/13 HPs)
             Began as a Felid Skald on Apr 25, 2020.
             Killed from afar by Natasha (9 damage)
             ... with a magic dart
             ... on level 2 of the Dungeon.
             The game lasted 00:04:26 (892 turns).

Esekla the Ducker (Felid Skald)                      Turns: 892, Time: 00:04:26

Health: -3/13      AC:  1    Str:  7    XL:     2   Next: 93%
Magic:  4/6        EV: 19    Int: 14    God:
Gold:   80         SH:  0    Dex: 15    Spells: 5/6 levels left
                                        Lives:  0   Deaths: 0

rFire    . . .     SeeInvis +     - Unarmed
rCold    . . .     Gourm    .   (shield unavailable)
rNeg     . . .     Faith    .   (armour unavailable)
rPois    .         Spirit   .   (helmet unavailable)
rElec    .         Reflect  .   (cloak unavailable)
rCorr    .         Harm     .   (gloves unavailable)
MR       .....                  (boots unavailable)
Stlth    ++........             (no amulet)
HPRegen  0.04/turn              (no ring)
MPRegen  0.10/turn              (no ring)

@: slowed, slow
A: very small, no armour, no weapons or thrown items, stealth, claws 1, fangs 3,
see invisible, carnivore, speed 1, shaggy fur 1, slow metabolism 1, sharp paws
a: no special abilities


You were on level 2 of the Dungeon.
You were full.

You visited 1 branch of the dungeon, and saw 2 of its levels.

You collected 80 gold pieces.

Inventory:

Scrolls
 a - a scroll of magic mapping {unknown}
 c - 2 scrolls of remove curse {unknown}
 f - a scroll of amnesia {unknown}
 g - a scroll of random uselessness {unknown}
Potions
 d - a potion of curing {unknown}
 e - a potion of stabbing {unknown}
 h - 2 potions of haste {unknown}
Comestibles
 b - 2 rations


   Skills:
 - Level 2.0 Fighting
 * Level 4.0 Dodging
 + Level 0.6 Stealth
 - Level 2.0 Unarmed Combat
 * Level 2.7 Spellcasting
 - Level 3.6 Charms


You had 5 spell levels left.
You knew the following spells:

 Your Spells              Type           Power        Failure   Level  Hunger
a - Infusion              Chrm           ##..         4%          1    #......

Your spell library contained the following spells:

 Spells                   Type           Power        Failure   Level  Hunger
 Song of Slaying          Chrm           ##......     8%          2    ###....
 Shroud of Golubria       Chrm/Tloc      #.....       16%         2    ###....
 Ozocubu's Armour         Chrm/Ice       #.......     30%         3    ###....
 Spectral Weapon          Hex/Chrm       Unusable     N/A         3    N/A

Dungeon Overview and Level Annotations

Branches:
Dungeon (2/15)

Altars:

Annotations:
D:2 Natasha


Innate Abilities, Weirdness & Mutations

You cannot wear armour.
You are incapable of wielding weapons or throwing items.
Your paws allow you to move quietly. (Stealth)
You have sharp claws.
You have razor-sharp teeth.
You have supernaturally acute eyesight. (SInv)
You are carnivorous and can eat meat at any time.
You cover ground quickly.
You are covered in fur. (AC +1)
You have a slow metabolism.
Your sharp claws are effective at attacking unaware monsters.


Message History

You closely miss Natasha. Natasha claws you.
Your magical infusion is running out.
Natasha misses you.
You see here 25 stones.
Found a coppery potion.
You miss Natasha. Natasha closely misses you. Natasha completely misses you.
You barely miss Natasha. Natasha misses you.
You barely miss Natasha. You bite Natasha, but do no damage.
You are no longer magically infusing your attacks.
Natasha closely misses you.
Natasha casts a spell.
You scratch Natasha.
Natasha is lightly wounded.
Natasha closely misses you.
You scratch Natasha.
Natasha is moderately wounded.
Natasha stares at you and mumbles some strange words.
The magic dart hits you!
Ouch! That really hurt!
You die...

##### ....#
... #. ...
#..!###.#
#.....# #@#
.. ###h# ...
#.55#
b..######.###
#......).#
#........#
#........#
#(.......#
##........#


You could see Natasha, a white imp and a shadow imp.

Vanquished Creatures
  A leopard gecko (D:2)
  3 bats (D:1)
  2 giant cockroaches
  7 goblins (D:1)
  3 hobgoblins (D:1)
  2 frilled lizards (D:1)
  2 kobolds (D:1)
  4 rats
24 creatures vanquished.

Notes
Turn   | Place    | Note
-------+----------+-------------------------------------------
     0 | D:1      | Esekla the Felid Skald began the quest for the Orb.
     0 | D:1      | Reached XP level 1. HP: 9/9 MP: 4/4
   365 | D:1      | Reached XP level 2. HP: 10/13 MP: 0/6
   858 | D:2      | Reached skill level 4 in Dodging
   874 | D:2      | Noticed Natasha
   892 | D:2      | Killed from afar by Natasha

Levels and vault maps discovered:
D:1:      dpeg_arrival_round_a, layout_basic
D:2:      layout_rooms, nicolae_overflow_hidden_temple,
          nicolae_dithmenos_shadow_blocks, uniq_natasha, uniq_sigmund

Skill      XL: |  1  2 |
---------------+-------+-----
Dodging        | 4 |  4.0
Fighting       | |  2.0
Stealth        | |  0.6
Unarmed Combat | |  2.0
Spellcasting   | |  2.7
Charms         | |  3.6

Action                   || total
-------------------------++-------
Melee: Unarmed           ||    72
       Bite              ||     5
       Punch             ||     1
 Cast: Infusion          ||     7
 Stab: Sleeping          ||     1
  Eat: Chunk             ||     3
Armor: Skin              ||     4
Dodge: Dodged            ||    67

Table legend:
 A = Non-vault XP
 B = Vault XP
 C = Vault XP percentage of total XP
 D = Non-vault monster count
 E = Vault monster count
 F = Vault count percentage of total count
                 A         B        C        D         E       F
            +---------+---------+-------+---------+---------+-------
      Total |      39 |       0 |   0.0 |      24 |       0 |   0.0
            +---------+---------+-------+---------+---------+-------
        D:1 |      32 |       0 |   0.0 |      20 |       0 |   0.0
        D:2 |       7 |       0 |   0.0 |       4 |       0 |   0.0
            +---------+---------+-------+---------+---------+-------
